Map: Pillars of Gold LE

Players

yaqh - Winner!

  • Race: Protoss Protoss
  • League: Master
  • Spawn Location: 1:00

Alken

  • Race: Protoss Protoss
  • Spawn Location: 7:00

VOD

Have the link to the VOD?

Description

Time

  • Played on: June 21, 2020, 12:14 p.m.
  • Length: 10:06
Show
View Real Time Build Order
Export as new Build Order

yaqh Protoss - Winner!

Build Orders: Zealot Archon 

Get SALT Encoding   

  12  0:00  Probe  
  13  0:13  Probe  
  14  0:19  Pylon  
  14  0:24  Probe  
  15  0:33  Probe  
  15  0:40  Gateway  
  15  0:41  Probe  
  16  0:48  Assimilator  
  17  0:52  Probe  
  18  0:57  Assimilator  
  18  1:04  Probe  
  19  1:11  Gateway  
  19  1:16  Probe  
  20  1:28  Probe  
  20  1:29  Cybernetics Core  
  21  1:35  Pylon  
  21  1:37  Probe  
  21  1:45  Probe  
  23  1:55  Probe  
  24  2:05  Stalker x2  
  24  2:07  Probe  
  29  2:09  Warp Gate  
  29  2:17  Pylon  
  29  2:35  Stalker, Sentry  
  33  2:54  Nexus  
  33  2:59  Pylon  
  33  3:08  Sentry  
  33  3:09  Sentry  
  37  3:14  Probe  
  38  3:25  Shield Battery  
  38  3:26  Probe  
  39  3:32  Robotics Facility  
  39  3:38  Probe  
  40  3:50  Probe  
  40  3:58  Forge  
  40  4:03  Probe x2, Adept  
  40  4:04  Adept  
  46  4:10  Protoss Ground Weapons Level 1  
  46  4:11  Probe  
  46  4:15  Probe  
  48  4:19  Observer  
  48  4:22  Probe  
  49  4:27  Probe  
  51  4:35  Probe, Twilight Council  
  52  4:39  Probe  
  53  4:46  Immortal  
  53  4:49  Probe  
  58  4:56  Probe  
  59  5:01  Probe  
  60  5:11  Zealot x2  
  60  5:12  Probe  
  60  5:13  Probe  
  62  5:17  Pylon  
  62  5:19  Charge  
  62  5:24  Assimilator  
  62  5:28  Phoenix  
  62  5:35  Probe x2  
  64  5:40  Protoss Ground Weapons Level 2  
  64  5:45  Immortal  
  64  5:47  Probe x2  
  70  5:50  Assimilator  
  70  6:02  Templar Archives  
  70  6:14  Gateway  
  70  6:16  Gateway  
  70  6:18  Pylon  
  70  6:20  Pylon  
  70  6:27  Photon Cannon  
  70  6:35  Warp Prism  
  70  6:36  Probe x2  
  70  6:37  Pylon  
  74  6:47  Pylon  
  74  6:48  Probe  
  74  6:52  Pylon  
  74  6:54  Photon Cannon  
  75  6:55  Pylon  
  75  6:56  High Templar  
  75  6:57  High Templar  
  75  7:01  Archon  
  79  7:15  Gateway  
  79  7:16  High Templar x2  
  79  7:17  Gateway  
  79  7:20  Archon  
  82  7:31  Zealot x2  
  84  7:44  Gateway  
  84  7:47  Gateway  
  84  7:48  Pylon  
  84  7:52  Zealot  
  84  7:53  Zealot  
  86  8:00  Nexus  
  86  8:05  Pylon  
  86  8:09  Pylon  
  86  8:11  Zealot x2  
  90  8:19  Zealot x2  
  94  8:23  Pylon  
  94  8:27  Zealot  
  96  8:34  Pylon  
  96  8:38  Zealot x2  
  100  8:46  High Templar x2  
  100  8:47  High Templar  
  106  8:50  Archon  
  106  8:59  Photon Cannon  
  106  9:03  Shield Battery  
  106  9:05  High Templar x2  
  106  9:07  High Templar  
  106  9:08  Zealot  
  114  9:11  Archon  
  114  9:24  Zealot x4  
  122  9:37  Archon  
  120  9:42  Zealot x4  
  95  9:52  High Templar  
  95  9:53  High Templar x3  
  95  9:57  Archon x2  
Show
View Real Time Build Order
Export as new Build Order

Alken Protoss 

Build Orders: Phoenix Opening, Zealot Archon 

Get SALT Encoding   

  12  0:00  Probe  
  13  0:12  Probe  
  14  0:18  Pylon  
  14  0:22  Probe  
  15  0:32  Probe  
  15  0:37  Gateway  
  15  0:41  Probe  
  16  0:47  Assimilator  
  17  0:53  Probe  
  17  0:56  Assimilator  
  18  1:01  Probe  
  18  1:09  Probe  
  19  1:14  Gateway  
  20  1:20  Probe  
  21  1:26  Cybernetics Core  
  21  1:32  Probe  
  22  1:38  Pylon  
  22  1:46  Probe  
  23  1:58  Probe  
  24  2:02  Stalker  
  24  2:03  Warp Gate, Sentry  
  28  2:15  Pylon  
  28  2:20  Probe  
  29  2:34  Pylon  
  29  2:35  Probe  
  29  2:36  Stalker  
  32  2:50  Nexus  
  32  2:57  Shield Battery  
  32  3:00  Probe  
  32  3:02  Phoenix  
  33  3:08  Sentry  
  33  3:10  Stalker  
  33  3:12  Probe  
  38  3:20  Probe  
  39  3:35  Twilight Council  
  39  3:41  Pylon  
  39  3:57  Probe  
  39  3:59  Probe  
  40  4:03  Forge  
  40  4:05  Probe  
  40  4:08  Pylon, Probe, Blink  
  42  4:13  Probe  
  43  4:18  Probe, Phoenix  
  45  4:25  Probe, Protoss Ground Weapons Level 1  
  45  4:28  Stalker  
  45  4:30  Probe  
  49  4:37  Probe  
  50  4:42  Probe  
  51  4:49  Probe  
  52  4:53  Gateway  
  52  4:54  Probe  
  53  5:02  Probe  
  53  5:06  Probe  
  52  5:12  Nexus  
  52  5:14  Probe  
  51  5:15  Stalker, Phoenix  
  53  5:22  Probe  
  54  5:31  Pylon, Stalker  
  56  5:37  Probe  
  57  5:44  Probe  
  57  5:49  Templar Archives  
  58  5:53  Probe  
  58  5:55  Robotics Facility  
  59  5:59  Pylon  
  59  6:02  Probe  
  59  6:03  Pylon  
  60  6:13  Stalker x3  
  66  6:21  Probe  
  67  6:26  Pylon  
  67  6:30  Probe x2  
  67  6:32  Gateway  
  69  6:33  Probe, Gateway  
  69  6:36  Gateway  
  69  6:37  High Templar x2  
  69  6:38  Probe x2  
  74  6:41  Archon  
  74  6:42  Protoss Ground Weapons Level 2  
  74  6:45  Probe  
  74  6:46  Probe x2  
  77  6:49  Shield Battery  
  79  7:00  Zealot  
  81  7:07  Gateway, Probe x2  
  83  7:09  Gateway  
  83  7:12  Pylon, Zealot  
  83  7:13  Probe, Zealot  
  88  7:16  Assimilator  
  88  7:19  Probe  
  88  7:20  Charge  
  85  8:03  Probe x2  
  85  8:04  Zealot x6  
  99  8:06  Assimilator  
  99  8:07  Probe  
  99  8:11  Assimilator  
  100  8:13  Assimilator  
  100  8:15  Probe x2, Zealot x2  
  100  8:19  Probe  
  105  8:27  Probe  
  98  8:36  Probe x2  
  98  8:40  High Templar  
  98  8:41  High Templar  
  100  8:42  Zealot x6  
  100  8:48  Warp Prism, Gateway  
  114  8:49  Gateway  
  114  8:51  Gateway  
  114  8:52  Archon  
  114  9:06  Nexus  
  114  9:07  Zealot x5  
  114  9:08  Pylon  
  124  9:11  Pylon  
  124  9:15  Pylon  
  124  9:16  Pylon  
  124  9:17  Pylon  
  124  9:19  Photon Cannon  
  124  9:20  Pylon  
  124  9:21  Photon Cannon  
  116  9:43  Zealot x6  
  116  9:44  Zealot x4  
Tags
 
Add a new tag
Caveats
  • Supply blocks, unpowered buildings, or Contaminate may cause inaccurate times.
  • Supply counts are checked every 10 seconds.